Map: Winter's Gate LE

Players

Creature

  • Race: Protoss Protoss
  • Spawn Location: 11:00

Cuddlebear - Winner!

  • Race: Terran Terran
  • Spawn Location: 5:00

VOD

Have the link to the VOD?

Description

Time

  • Played on: Sept. 6, 2019, 1:25 p.m.
  • Length: 6:35
Show
View Real Time Build Order
Export as new Build Order

Creature Protoss 

Build Orders: 1 Gate Expand, Oracle Opening 

Get SALT Encoding   

  12  0:00  Probe  
  13  0:12  Probe  
  14  0:18  Pylon  
  14  0:24  Probe  
  15  0:32  Probe  
  15  0:37  Gateway  
  15  0:40  Probe  
  16  0:46  Assimilator  
  17  0:51  Probe  
  18  1:03  Probe  
  19  1:15  Probe  
  20  1:25  Cybernetics Core  
  20  1:33  Nexus  
  20  1:38  Zealot  
  22  1:46  Pylon  
  22  1:50  Probe  
  23  1:55  Assimilator  
  23  1:56  Stalker  
  23  2:05  Probe  
  26  2:17  Probe  
  27  2:30  Stargate, Probe  
  27  2:38  Warp Gate  
  27  2:42  Probe  
  28  2:45  Probe  
  29  2:52  Probe  
  29  2:54  Probe  
  31  3:00  Probe  
  31  3:02  Probe  
  31  3:03  Oracle  
  32  3:08  Probe  
  32  3:11  Probe  
  38  3:20  Probe  
  38  3:22  Shield Battery  
  37  3:30  Probe  
  37  3:38  Probe  
  37  3:40  Oracle  
  39  3:42  Probe  
  39  3:50  Probe  
  39  3:51  Probe  
  41  3:57  Pylon  
  41  3:59  Probe  
  41  4:02  Probe  
  42  4:08  Probe  
  42  4:09  Phoenix  
  43  4:11  Gateway  
  43  4:12  Gateway  
  43  4:14  Probe  
  45  4:20  Probe  
  48  4:27  Probe  
  49  4:31  Nexus  
  49  4:33  Probe  
  49  4:35  Pylon, Stalker  
  52  4:43  Probe  
  53  4:45  Probe  
  53  4:51  Twilight Council  
  53  4:52  Forge  
  54  4:55  Probe, Assimilator  
  54  4:56  Assimilator  
  54  4:58  Probe  
  56  5:05  Sentry  
  58  5:08  Probe  
  58  5:10  Probe  
  60  5:20  Probe  
  59  5:22  Probe  
  58  5:32  Probe  
  58  5:34  Gateway  
  60  5:35  Probe  
  60  5:36  Gateway  
  60  5:39  Gateway, Zealot  
  62  5:43  Gateway  
  62  5:44  Probe  
  63  5:54  Probe  
  62  5:59  Probe x2  
  64  6:06  Probe  
  64  6:07  Gateway, Zealot x3  
  69  6:27  Pylon  
Show
View Real Time Build Order
Export as new Build Order

Cuddlebear Terran - Winner!

Build Orders:  

Get SALT Encoding   

  12  0:00  SCV  
  13  0:12  SCV  
  14  0:20  Supply Depot  
  14  0:24  SCV  
  15  0:43  Refinery, Barracks  
  15  0:46  SCV  
  16  0:53  Refinery  
  16  0:59  SCV  
  17  1:11  SCV  
  18  1:23  SCV  
  19  1:31  Reaper  
  20  1:35  Orbital Command  
  20  1:43  Factory  
  20  1:48  Supply Depot  
  20  2:00  SCV  
  21  2:03  Reaper  
  22  2:14  SCV  
  23  2:26  SCV  
  24  2:34  Hellion  
  24  2:35  Reaper  
  26  2:38  SCV  
  26  2:39  Starport  
  27  2:58  Command Center  
  27  3:01  Supply Depot  
  27  3:03  SCV  
  28  3:09  Widow Mine  
  30  3:15  SCV  
  31  3:27  SCV  
  31  3:29  Medivac  
  31  3:31  Widow Mine  
  34  3:43  SCV  
  33  3:50  Barracks  
  33  3:52  Barracks  
  33  3:58  SCV  
  33  3:59  Viking  
  36  4:04  Barracks Reactor  
  36  4:05  Factory Tech Lab  
  36  4:10  Orbital Command  
  36  4:11  SCV  
  37  4:24  SCV  
  38  4:25  Cyclone  
  38  4:26  Mag-Field Accelerator  
  38  4:29  Viking  
  43  4:36  SCV  
  43  4:38  Barracks Tech Lab  
  44  4:39  Marine  
  44  4:40  SCV  
  44  4:42  Marine x2  
  48  4:48  SCV  
  48  4:51  Supply Depot  
  49  4:53  SCV  
  49  4:57  Marine  
  49  4:58  Cyclone  
  54  5:02  Bunker, Combat Shield  
  54  5:09  Supply Depot  
  54  5:10  Marine  
  54  5:15  SCV  
  54  5:18  SCV  
  56  5:23  Marine  
  56  5:25  Barracks Tech Lab, Marauder  
  56  5:27  SCV  
  60  5:31  Cyclone  
  60  5:32  Supply Depot  
  60  5:34  SCV  
  64  5:42  Starport Reactor, Marine x2  
  66  5:46  SCV  
  66  5:47  SCV  
  66  5:53  Marine x2  
  68  5:59  Marine x2  
  68  6:00  SCV  
  71  6:09  SCV  
  75  6:11  Marine  
  75  6:13  Supply Depot  
  75  6:17  Command Center  
  76  6:20  Bunker  
  76  6:23  Bunker  
  77  6:31  Refinery  
Tags
 
Add a new tag
Caveats
  • Supply blocks, unpowered buildings, or Contaminate may cause inaccurate times.
  • Supply counts are checked every 10 seconds.